 Dungeon Crawl Stone Soup version 0.31-a0-430-gf8416d752b (webtiles) character file.

Game seed: 13375004087883906806

140 Ethylacetat the Shooter (level 5, -3/43 HPs)
             Began as a Demonspawn Hunter on July 31, 2023.
             Slain by a gnoll
             ... wielding a +0 club
              (8 damage)
             ... on level 4 of the Dungeon.
             The game lasted 00:02:12 (2349 turns).

Ethylacetat the Shooter (Demonspawn Hunter)         Turns: 2349, Time: 00:02:12

Health: -3/43      AC:  5    Str: 12    XL:     5   Next: 2%
Magic:  5/5        EV: 12    Int: 10    God:
Gold:   196        SH:  0    Dex: 18    Spells: 4/4 levels left

rFire   . . .        a - +0 shortbow
rCold   . . .        (shield currently unavailable)
rNeg    . . .        c - +0 leather armour
rPois   .            (no helmet)
rElec   .            (no cloak)
rCorr   .            (no gloves)
SInv    .            (no boots)
Will    .....        (no amulet)
Stlth   ++           (no ring)
HPRegen 0.27/turn    (no ring)
MPRegen 0.18/turn

%: no passive effects
@: no status effects
A: rugged brown scales 2, magic regeneration
a: no special abilities


You were on level 4 of the Dungeon.
You visited 1 branch of the dungeon, and saw 4 of its levels.

You collected 196 gold pieces.

Inventory:

Hand Weapons
 a - a +0 shortbow (weapon)
Armour
 c - a +0 leather armour (worn)
Wands
 o - a wand of acid (8)
Scrolls
 b - a scroll of butterflies
 f - 2 scrolls of revelation {unknown}
 h - a scroll of teleportation {unknown}
 j - 4 scrolls of identify {unknown}
 k - 2 scrolls of amnesia {unknown}
 l - 2 scrolls of blinking {unknown}
 m - 2 scrolls of poison {unknown}
 n - a scroll of vulnerability {unknown}
Potions
 d - a potion of might {unknown}
 e - a potion of degeneration {unknown}
 g - a potion of brilliance {unknown}
 i - a potion of curing {unknown}
 p - a potion of ambrosia {unknown}


   Skills:
 + Level 3.1 Fighting
 + Level 4.2 Ranged Weapons
 + Level 2.8 Dodging
 + Level 2.4 Stealth


You had 4 spell levels left.
You didn't know any spells.
Your spell library contained the following spells:

 Spells                   Type           Power      Damage    Failure   Level
 Freeze                   Ice            0%         1d3       43%         1
 Blink                    Tloc           0%         N/A       58%         2
 Sublimation of Blood     Necr           0%         N/A       58%         2
 Wereblood                Tmut           0%         N/A       58%         2
 Frozen Ramparts          Ice            0%         1d1       82%         3
 Hailstorm                Conj/Ice       0%         3d3       82%         3
 Manifold Assault         Tloc           0%         N/A       99%         4
 Malign Gateway           Summ/Tloc      0%         N/A       100%        7
 Summon Hydra             Summ           0%         N/A       100%        7
 Summon Horrible Things   Summ           0%         N/A       100%        8


Dungeon Overview and Level Annotations

Branches:
Dungeon (4/15)
 Temple: D:4-7

Altars:

Shops:
D:3 *


Innate Abilities, Weirdness & Mutations

You are mostly covered in rugged brown scales. (AC +2, +5% HP)
You regenerate magic rapidly.


Message History

The worm barely misses you.
You shoot an arrow.
The arrow hits the worm but does no damage.
The worm is heavily wounded.
The gnoll hits you from afar with a +0 spear.
You shoot an arrow. The arrow barely misses the worm.
The arrow hits the gnoll.
The gnoll is severely wounded.
A gnoll comes into view. It is wielding a +0 halberd.
The gnoll hits you from afar with a +0 spear.
The worm bites you.
You shoot an arrow. The arrow barely misses the worm.
The arrow barely misses the gnoll.
The arrow hits the gnoll!
The gnoll is severely wounded.
The gnoll closely misses you. The worm bites you.
You shoot an arrow. The arrow barely misses the worm.
The arrow hits the gnoll.
The gnoll is severely wounded.
The gnoll hits you but does no damage.
The gnoll hits you from afar with a +0 spear.
You shoot an arrow. The arrow hits the worm!
You kill the worm!
The gnoll hits you from afar with a +0 spear.
You shoot an arrow.
The arrow hits the gnoll but does no damage.
The gnoll is severely wounded.
The gnoll misses you. The gnoll barely misses you.
The gnoll hits you from afar with a +0 spear.
You are too injured to fight recklessly!
You are too injured to fight recklessly!
You are too injured to fight recklessly!
You are too injured to fight recklessly!
You shoot an arrow. The arrow hits the gnoll.
You kill the gnoll!
The gnoll hits you from afar with a +0 halberd!
* * * LOW HITPOINT WARNING * * *
The gnoll misses you.
You have reached level 5!
Your demonic ancestry asserts itself...
Rugged brown scales spread over more of your body.
The gnoll attacks as you move away! The gnoll hits you with a +0 club!
You die...

#.# #.#
#.# #.#
##.# #..#
#.## #.# #
#@# ##.
#g#
.##...##g#
......)..#
.##...####
##. #


You could see 2 gnolls.

Vanquished Creatures
  Robin (D:3)
  A gnoll (D:4)
  2 adders
  An ufetubus (D:2)
  A worm (D:4)
  3 dart slugs
  4 orcs (D:3)
  7 endoplasms
  4 giant cockroaches
  14 goblins
  7 hobgoblins
  3 jackals (D:1)
  4 quokkas
  4 ball pythons
  8 bats
  6 kobolds
  7 rats
77 creatures vanquished.

Notes
Turn   | Place    | Note
-------+----------+-------------------------------------------
     0 | D:1      | Ethylacetat the Demonspawn Hunter began the quest for the
                  | Orb.
     0 | D:1      | Reached XP level 1. HP: 16/16 MP: 1/1
    40 | D:1      | Reached skill level 1 in Stealth
   137 | D:1      | Gained mutation: You are partially covered in rugged brown
                  | scales. (AC +1, +3% HP) [demonic ancestry]
   137 | D:1      | Reached XP level 2. HP: 16/22 MP: 2/2
   469 | D:1      | Reached XP level 3. HP: 28/28 MP: 3/3
   769 | D:2      | Found a faded altar of an unknown god.
   901 | D:2      | Reached skill level 4 in Ranged Weapons
  1252 | D:3      | Gained mutation: You regenerate magic rapidly. [demonic
                  | ancestry]
  1252 | D:3      | Reached XP level 4. HP: 35/35 MP: 4/4
  1818 | D:3      | Found Zam Xoro's Assorted Antiques.
  2093 | D:3      | Noticed Robin
  2098 | D:3      | Killed Robin
  2346 | D:4      | Gained mutation: You are mostly covered in rugged brown
                  | scales. (AC +2, +5% HP) [demonic ancestry]
  2346 | D:4      | Reached XP level 5. HP: 4/43 MP: 5/5
  2349 | D:4      | Slain by a gnoll

Illustrated notes

Levels and vault maps discovered:
D:1:      ldierk_walled_garden, layout_loops_ring
D:2:      layout_basic, basic_ecumenical_altar, minmay_box_of_dots
D:3:      layout_basic, serial_shops, nicolae_shop_behind_doors, uniq_robin
D:4:      layout_loops_ring, uniq_pikel

Skill      XL: |  1  2  3  4 |
---------------+-------------+-----
Stealth        | 1 2 |  2.4
Dodging        | 2 |  2.8
Ranged Weapons | 4 |  4.2
Fighting       | 3 |  3.1

Action                     |  1- 3 |  4- 6 || total
---------------------------+-------+-------++-------
   Fire: Shortbow          |   121 |    95 ||   216
 Armour: Leather armour    |    20 |    24 ||    44
  Dodge: Dodged            |    51 |    55 ||   106

Table legend: (Time is in decaauts)
 A = Elapsed time spent in this place.
 B = Non-inter-level travel time spent in this place.
 C = Inter-level travel time spent in this place.
 D = Time resting spent in this place.
 E = Time spent auto-exploring this place.
 F = Levels seen in this place.
 G = Mean time per level.
                   A        B        C        D        E       F      G
               +--------+--------+--------+--------+--------+-----+--------+
         Total |   2403 |   2285 |    118 |      0 |   1905 |   4 |  600.8 |
       Dungeon |   2403 |   2285 |    118 |      0 |   1905 |   4 |  600.8 |
               +--------+--------+--------+--------+--------+-----+--------+

Top non-repeatable levels by time:
     D:3: 1087 daAuts
     D:1: 764 daAuts
     D:2: 518 daAuts
     D:4: 32 daAuts
